 Dungeon Crawl Stone Soup version 0.29-a0-495-g17b79114eb (webtiles) character file.

Game seed: 3256924603137761755

80 omnomnOMINOUS the Skirmisher (level 4, -1/30 HPs)
             Began as an Octopode Wanderer on May 28, 2022.
             Slain by Crazy Yiuf
             ... wielding a +4 quarterstaff of chaos
              (12 damage)
             ... on level 2 of the Dungeon.
             The game lasted 00:05:19 (2926 turns).

omnomnOMINOUS the Skirmisher (Octopode Wanderer)    Turns: 2926, Time: 00:05:19

Health: -1/30      AC:  1    Str: 10    XL:     4   Next: 39%
Magic:  4/5        EV: 13    Int: 18    God:
Gold:   81         SH:  0    Dex: 10    Spells: 1/5 levels left

rFire   . . .      SeeInvis .   a - +2 dagger (vamp)
rCold   . . .      Faith    +   (no shield)
rNeg    . . .      Spirit   .   (helmet restricted)
rPois   .          Reflect  .   n - amulet of faith
rElec   .          Harm     .   (no ring)
rCorr   .          Rampage  .   (no ring)
Will    .....                   (no ring)
Stlth   +++.......              (no ring)
HPRegen 0.10/turn               (no ring)
MPRegen 0.09/turn               (no ring)
                                (no ring)
                                (no ring)

@: no status effects
A: almost no armour, amphibious, 8 rings, camouflage 1, gelatinous body 1,
(nimble swimmer 1), tentacles
a: no special abilities


You were on level 2 of the Dungeon.
You visited 1 branch of the dungeon, and saw 2 of its levels.

You collected 81 gold pieces.

Inventory:

Hand Weapons
 a - a +2 vampiric dagger (weapon)
 b - a +1 spear of venom
 c - a +0 dagger
 f - a +0 falchion
 t - a +2 mace of protection
Missiles
 s - 15 poisoned darts (quivered)
Jewellery
 n - an amulet of faith (around mantle)
Scrolls
 e - 2 scrolls of summoning {unknown}
 g - 2 scrolls of identify {unknown}
 h - a scroll of magic mapping {unknown}
 i - a scroll of enchant armour {unknown}
 l - a scroll of teleportation {unknown}
 o - a scroll of acquirement {unknown}
 q - a scroll of fog {unknown}
 r - a scroll of enchant weapon {unknown}
Potions
 d - 2 potions of might
 j - a potion of lignification {unknown}
 k - 2 potions of curing {unknown}
 m - a potion of flight {unknown}
 p - a potion of brilliance {unknown}


   Skills:
 + Level 2.7 Fighting
 - Level 1.0 Long Blades
 - Level 1.0 Throwing
 + Level 1.6 Dodging
 - Level 2.6 Stealth
 - Level 1.0 Spellcasting
 + Level 1.6 Conjurations
 + Level 2.7 Fire Magic
 + Level 0.5 Earth Magic
 - Level 1.0 Invocations


You had one spell level left.
You knew the following spells:

 Your Spells              Type           Power      Damage    Failure   Level
a - Foxfire               Conj/Fire      32%        2x1d5     9%          1
b - Stone Arrow           Conj/Erth      8%         3d7       36%         3

Your spell library contained the following spells:

 Spells                   Type           Power      Damage    Failure   Level
 Sandblast                Erth           4%         2d4       16%         1
 Passwall                 Tmut/Erth      0%         N/A       26%         2
 Ignite Poison            Fire/Tmut/Pois 4%         N/A       38%         3
 Tukima's Dance           Hex            0%         N/A       52%         3
 Flame Wave               Conj/Fire      8%         2d5       63%         4
 Passage of Golubria      Tloc           0%         N/A       89%         4
 Yara's Violent Unravell  Hex/Tmut       0%         3d3       99%         5


Dungeon Overview and Level Annotations

Branches:
Dungeon (2/15)

Altars:

Annotations:
D:2 Crazy Yiuf


Innate Abilities, Weirdness & Mutations

You cannot wear most types of armour.
You are amphibious.
You can wear up to eight rings at the same time.
Your skin changes colour to match your surroundings (Stealth+).
Your rubbery body absorbs attacks. (AC +1, EV +1)
((You are camouflaged when in or above water. (Stealth+)))
You have tentacles for arms and can constrict up to eight enemies at once.


Message History

t - a +2 mace of protection
Found two maces and a runed mace.
You see here a +0 mace.
You open the door.
Crazy Yiuf shouts!
Casting: Foxfire (safe; 9% risk of failure)
Confirm with . or Enter, or press ? or * to list all spells.
You conjure some foxfire!
Your foxfire dissipates!
The foxfire hits Crazy Yiuf.
Crazy Yiuf is lightly wounded.
Crazy Yiuf flaps his cloak.
Casting: Foxfire (safe; 9% risk of failure)
Confirm with . or Enter, or press ? or * to list all spells.
You conjure some foxfire!
The foxfire hits Crazy Yiuf.
Crazy Yiuf is moderately wounded.
Your foxfire dissipates!
You see here a +0 mace.
You see here a +0 mace.
You see here a +0 mace.
You see here a +0 mace.
You hit the fungus.
The fungus begins to die.
You grab the fungus.
The fungus is lightly damaged.
You constrict the fungus.
You release your grip on the fungus.
You hit Crazy Yiuf. You grab Crazy Yiuf.
Crazy Yiuf is moderately wounded.
You constrict Crazy Yiuf.
Crazy Yiuf hits you with a +4 quarterstaff of chaos.
You hit Crazy Yiuf.
You feel better.
Crazy Yiuf is heavily wounded.
You constrict Crazy Yiuf.
Crazy Yiuf hits you with a +4 quarterstaff of chaos!
Crazy Yiuf freezes you.
You hit Crazy Yiuf but do no damage.
You squeeze Crazy Yiuf, but do no damage.
Crazy Yiuf is heavily wounded.
You constrict Crazy Yiuf.
A nearby fungus withers and dies.
Crazy Yiuf hits you with a +4 quarterstaff of chaos!
You die...

.###....###..........#
.###.##)......########
.....##.......#
...####.......#
##.####.....#### ###
#.............#♣♣♣ ♣♣#)))#
######.........PP♣♣♣♣)')).#
#.....#....P)♣)g♣#)))#
#.....##.#@g♣)♣♣♣ ###
#.....####♣♣♣♣♣
#######.(...#
#.....#.....####
#.###.#....###.# #.#
#.#.##)###.#
#.###.#.#.)....#
#...#.#.#[)#####
###.#......#


You could see Crazy Yiuf.

Vanquished Creatures
  Robin (D:2)
  An adder (D:2)
  A dart slug (D:2)
  5 ball pythons
  3 bats (D:1)
  3 endoplasms
  3 giant cockroaches (D:1)
  12 hobgoblins
  6 kobolds
  A quokka (D:2)
  12 goblins
  2 rats
50 creatures vanquished.

Vanquished Creatures (others)
  9 foxfires (D:2)
  2 fungi (D:2)
11 creatures vanquished.

Grand Total: 61 creatures vanquished

Notes
Turn   | Place    | Note
-------+----------+-------------------------------------------
     0 | D:1      | omnomnOMINOUS the Octopode Wanderer began the quest for the
                  | Orb.
     0 | D:1      | omnomnOMINOUS set off with the following items: a +0
                  | falchion, 12 poisoned darts, a +0 dagger, a potion of
                  | might; and the following spell memorised: Foxfire; and the
                  | following spells available to memorise: Ignite Poison,
                  | Flame Wave
     0 | D:1      | Reached XP level 1. HP: 14/14 MP: 2/2
   293 | D:1      | Reached XP level 2. HP: 19/19 MP: 3/3
  1008 | D:1      | Reached skill level 1 in Dodging
  1009 | D:1      | Reached skill level 1 in Conjurations
  1094 | D:1      | Reached XP level 3. HP: 25/25 MP: 4/4
  2028 | D:2      | Learned a level 3 spell: Stone Arrow
  2055 | D:2      | Noticed Robin
  2203 | D:2      | Reached XP level 4. HP: 23/30 MP: 5/5
  2423 | D:2      | Killed Robin
  2909 | D:2      | Found a runed translucent door.
  2910 | D:2      | Noticed Crazy Yiuf
  2926 | D:2      | Slain by Crazy Yiuf

Illustrated notes

Levels and vault maps discovered:
D:1:      minmay_arrival_doors, layout_loops_corners,
          dreamdust_princess_corridor
D:2:      layout_basic, uniq_robin, uniq_crazy_yiuf_cottage

Skill      XL: |  1  2 |
---------------+-------+-----
Dodging        | 1 |  1.6
Conjurations   | 1 |  1.6
Fighting       | |  2.7
Long Blades    | |  1.0
Throwing       | |  1.0
Stealth        | |  2.6
Spellcasting   | |  1.0
Fire Magic     | |  2.7
Earth Magic    | |  0.5
Invocations    | |  1.0

Action                   |  1- 3 |  4- 6 || total
-------------------------+-------+-------++-------
Melee: Falchion          |    68 |     9 ||    77
       Constrict         |    18 |     5 ||    23
       Tentacles         |    12 |     5 ||    17
       Dagger            |       |    11 ||    11
       Punch             |       |     1 ||     1
 Cast: Foxfire           |     2 |     5 ||     7
  Use: Potion            |       |     3 ||     3
 Stab: Sleeping          |    14 |     1 ||    15
Armor: Skin              |     2 |     1 ||     3
Dodge: Dodged            |    40 |    10 ||    50

Table legend: (Time is in decaauts)
 A = Elapsed time spent in this place.
 B = Non-inter-level travel time spent in this place.
 C = Inter-level travel time spent in this place.
 D = Time resting spent in this place.
 E = Time spent auto-exploring this place.
 F = Levels seen in this place.
 G = Mean time per level.
                   A        B        C        D        E       F      G
               +--------+--------+--------+--------+--------+-----+--------+
         Total |   2944 |   2854 |     90 |    427 |   1971 |   2 | 1472.0 |
       Dungeon |   2944 |   2854 |     90 |    427 |   1971 |   2 | 1472.0 |
               +--------+--------+--------+--------+--------+-----+--------+

Top non-repeatable levels by time:
     D:1: 1562 daAuts
     D:2: 1382 daAuts
